 Dungeon Crawl Stone Soup version 0.31-a0-981-geadf994542 (webtiles) character file.

Game seed: 14949562693924753826

2 Whiskey the Changeling (level 1, -2/13 HPs)
             Began as an Octopode Shapeshifter on Nov 2, 2023.
             Slain by a quokka (5 damage)
             ... on level 1 of the Dungeon.
             The game lasted 00:00:11 (42 turns).

Whiskey the Changeling (Octopode Shapeshifter)        Turns: 42, Time: 00:00:12

Health: -2/13      AC:  1    Str: 13    XL:     1   Next: 30%
Magic:  1/1        EV: 13    Int: 12    God:
Gold:   0          SH:  0    Dex: 11    Spells: 0/0 levels left

rFire   . .          .
                       - Unarmed
rCold   . . .        (no shield)
rNeg    . . .        (helmet currently unavailable)
rPois   .            (no amulet)
rElec   .            (no ring)
rCorr   .            (no ring)
SInv    .            (no ring)
Will    .....        (no ring)
Stlth   ++           (no ring)
HPRegen 0.22/turn    (no ring)
MPRegen 0.07/turn    (no ring)
                     (no ring)

%: no passive effects
@: beast-form
A: beast (slay +1), almost no armour, amphibious, 8 rings, camouflage 1,
gelatinous body 1, (nimble swimmer 1), tentacles
a: Begin Untransformation


You were on level 1 of the Dungeon.
You were a hulking beast.
You visited 1 branch of the dungeon, and saw 1 of its levels.

Inventory:

Talismans
 b - a beast talisman
 c - a flux talisman
Scrolls
 e - a scroll of revelation {unknown}
Potions
 a - a potion of lignification {!q}
 d - a potion of attraction {unknown}


   Skills:
 - Level 1.0 Fighting
 - Level 2.0 Dodging
 - Level 3.0 Unarmed Combat
 * Level 3.1 Shapeshifting


You couldn't memorise any spells.
You didn't know any spells.
Your spell library was empty.

Dungeon Overview and Level Annotations

Branches:
Dungeon (1/15)

Altars:


Innate Abilities, Weirdness & Mutations

You are a hulking beast.
Your limbs bulge with bestial killing power. (Slay +1)
You cannot wear most types of armour.
You are amphibious.
You can wear up to eight rings at the same time.
Your skin changes colour to match your surroundings (Stealth+).
Your rubbery body absorbs attacks. (AC +1, EV +1)
((You are camouflaged when in or above water. (Stealth+)))
You have tentacles for arms and can constrict up to eight enemies at once.


Message History

Options error: Unknown explore stop condition 'greedy_sacrificeable' (~/.crawlrc:946) Bad channel name 'Jiyva says' for runrest: 'Jiyva says: Divide and consume' Welcome, Whiskey the Octopode Shapeshifter.
A smirking vizier told you that the Orb of Zot is just within this dungeon.
Found a coppery potion.
Found a staircase leading out of the dungeon.
You enter the shallow water.
d - a coppery potion You enter the deep water.
You enter the deep water.
As you open the door, it creaks loudly!
There is an open door here.
e - a scroll labelled LOAGRI DIAR You open the door.
An endoplasm, a kobold and a hobgoblin come into view.
The kobold shouts!
The hobgoblin shouts!
The kobold throws a stone.
The stone completely misses you.
An endoplasm comes into view.
The endoplasm quivers.
A quokka comes into view.
There is an open door here.
The endoplasm jiggles.
The hobgoblin hits you but does no damage.
You tentacle-slap the endoplasm. Your squeeze misses the endoplasm.
A quokka comes into view.
You barely miss the endoplasm. You squeeze the endoplasm.
You kill the endoplasm!
The endoplasm hits you. The hobgoblin closely misses you. The quokka bites you.
You take 2 damage, and have 11/13 hp.
You bludgeon the kobold!
You kill the kobold!
The endoplasm freezes you.
You are frozen.
The hobgoblin misses you. The quokka closely misses you.
You take 2 damage, and have 9/13 hp.
You barely miss the hobgoblin. Your grab misses the hobgoblin.
The endoplasm freezes you.
You are frozen.
The hobgoblin hits you. The quokka closely misses you.
You take 5 damage, and have 4/13 hp.
MASSIVE DAMAGE!!
You are too injured to fight recklessly!
You are too injured to fight recklessly!
You are too injured to fight recklessly!
You are too injured to fight recklessly!
You are too injured to fight recklessly!
You are too injured to fight recklessly!
You are too injured to fight recklessly!
You are too injured to fight recklessly!
You are too injured to fight recklessly!
You are too injured to fight recklessly!
You are too injured to fight recklessly!
You are too injured to fight recklessly!
You are too injured to fight recklessly!
You are too injured to fight recklessly!
You are too injured to fight recklessly!
You are too injured to fight recklessly!
You are too injured to fight recklessly!
You are too injured to fight recklessly!
You are too injured to fight recklessly!
The quokka bites you.
* * * LOW HITPOINT WARNING * * *
The hobgoblin attacks as it pursues you!
The hobgoblin misses you.
There is an open door, spattered with blood here.
You take 1 damage, and have 3/13 hp.
The quokka bites you.
You die...

.#.....
......
.....####
#......
#.....##
#.r)...##.#
#..Jg.....#
####r######
#h# #.#
#.#####
#.....#
#####.# #.#
#.# #.# #.#


You could see an endoplasm, 2 quokkas and a hobgoblin.

Vanquished Creatures
  An endoplasm (D:1)
  A kobold (D:1)
2 creatures vanquished.

Notes
Turn   | Place    | Note
-------+----------+-------------------------------------------
     0 | D:1      | Whiskey the Octopode Shapeshifter began the quest for the
                  | Orb.
     0 | D:1      | Reached XP level 1. HP: 13/13 MP: 1/1
    41 | D:1      | HP: 3/13 [quokka (2)]
    42 | D:1      | Slain by a quokka

Illustrated notes

Levels and vault maps discovered:
D:1:      lightli_arrival_flooded_house, layout_basic

Action                     || total
---------------------------++-------
  Melee: Unarmed           ||     4
         Tentacles         ||     1
 Armour: Skin              ||     6
  Dodge: Dodged            ||     6

Table legend: (Time is in decaauts)
 A = Elapsed time spent in this place.
 B = Non-inter-level travel time spent in this place.
 C = Inter-level travel time spent in this place.
 D = Time resting spent in this place.
 E = Time spent auto-exploring this place.
 F = Levels seen in this place.
 G = Mean time per level.
                   A        B        C        D        E       F      G
               +--------+--------+--------+--------+--------+-----+--------+
         Total |     41 |     41 |      0 |      0 |     31 |   1 |   41.0 |
       Dungeon |     41 |     41 |      0 |      0 |     31 |   1 |   41.0 |
               +--------+--------+--------+--------+--------+-----+--------+

Top non-repeatable levels by time:
     D:1: 41 daAuts

Levels and vault maps discovered:
D:1:      lightli_arrival_flooded_house, layout_basic

Table legend: (Time is in decaauts)
 A = Elapsed time spent in this place.
 B = Non-inter-level travel time spent in this place.
 C = Inter-level travel time spent in this place.
 D = Time resting spent in this place.
 E = Time spent auto-exploring this place.
 F = Levels seen in this place.
 G = Mean time per level.
                   A        B        C        D        E       F      G
               +--------+--------+--------+--------+--------+-----+--------+
         Total |     41 |     41 |      0 |      0 |     31 |   1 |   41.0 |
       Dungeon |     41 |     41 |      0 |      0 |     31 |   1 |   41.0 |
               +--------+--------+--------+--------+--------+-----+--------+

Top non-repeatable levels by time:
     D:1: 41 daAuts

Table legend:
 A = Kills in this place as a percentage of kills in the entire game.
 B = Kills by you in this place as a percentage of kills by you in the entire game.
 C = Kills by friends in this place as a percentage of kills by friends in the entire game.
 D = Other kills in this place as a percentage of other kills in the entire game.
 E = Experience gained in this place as a percentage of experience gained in the entire game.
 F = Experience gained in this place divided by the number of levels of this place that you have seen.
                   A       B       C       D       E      F
               +-------+-------+-------+-------+-------+----------------------
         Total | 100.0 | 100.0 |   N/A |   N/A | 100.0 |   3.0
       Dungeon | 100.0 | 100.0 |   N/A |   N/A | 100.0 |   3.0
               +-------+-------+-------+-------+-------+----------------------
